 Dungeon Sprint DCSS version 0.28-a0-258-g8de209e91f (webtiles) character file.

Game seed: 1210309504239781286

1388 MikeHunt the Carver (level 8, -3/82 HPs)
             Began as a Naga Fighter on Aug 26, 2021.
             Was a Believer of Okawaru.
             Slain by a two-headed ogre (25 damage)
             ... in the Dungeon (Sprint III: "The Ten Rune Challenge").
             The game lasted 00:04:01 (1153 turns).

MikeHunt the Carver (Naga Fighter)                  Turns: 1153, Time: 00:04:01

Health: -3/82      AC:  7    Str: 19    XL:     8   Next: 67%
Magic:  11/11      EV:  9    Int:  8    God:    Okawaru [**....]
Gold:   27         SH: 13    Dex: 13    Spells: 7/7 levels left

rFire   . . .      SeeInvis +   f - +1 long sword (holy)
rCold   . . .      Faith    .   c - +0 kite shield
rNeg    . . .      Spirit   .   b - +0 scale mail
rPois   +          Reflect  .   (no helmet)
rElec   .          Harm     .   (no cloak)
rCorr   .          Rampage  .   (no gloves)
Will    +....      NoTele   +   (no barding)
Stlth   +.........              (no amulet)
HPRegen 0.23/turn               (no ring)
MPRegen 0.12/turn               (no ring)

@: short of breath, heroic, very slow
A: AC +2, large, see invisible, deformed body, poison resistance, slowness 2,
spit poison 1, naga tail 1
a: Spit Poison, Renounce Religion, Heroism


You were in the Dungeon.
You worshipped Okawaru.
Okawaru was pleased with you.
You visited 1 branch You collected 27 gold pieces.

Inventory:

Hand Weapons
 a - a +0 long sword
 f - a +1 long sword of holy wrath (weapon)
Armour
 b - a +0 scale mail (worn)
 c - a +0 kite shield (worn)
Wands
 d - a wand of acid (6)
Scrolls
 j - a scroll of blinking
 k - a scroll of torment {unknown}
 l - 2 scrolls of identify {unknown}
 o - a scroll of holy word {unknown}
Potions
 e - 2 potions of curing
 h - 2 potions of magic
 m - a potion of degeneration {unknown}
 n - a potion of brilliance {unknown}
 p - 2 potions of flight
 q - 4 potions of mutation


   Skills:
 + Level 8.6(13.6) Fighting
 + Level 12.7(17.7) Long Blades
 - Level 2.4(7.4) Armour
 - Level 9.0(14.0) Shields
 + Level 4.4 Invocations
 + Level 1.1 Evocations


You had 7 spell levels left.
You didn't know any spells.
Your spell library contained the following spells:

 Spells                   Type           Power      Damage    Failure   Level
 Apportation              Tloc           0%         N/A       75%         1
 Alistair's Intoxication  Tmut/Pois      0%         N/A       100%        5
 Invisibility             Hex            0%         N/A       100%        6


Dungeon Overview and Level Annotations

Branches:
Dungeon (1/1)

Altars:
Cheibriados
Dithmenos
Elyvilon
Fedhas
Gozag
Hepliaklqana
Kikubaaqudgha
Makhleb
Nemelex Xobeh
Okawaru
Qazlal
Ru
Sif Muna
Trog
Uskayaw
Vehumet
Wu Jian
Xom
Yredelemnul
Zin
The Shining One
Beogh
Jiyva
Lugonu


Innate Abilities, Weirdness & Mutations

Your serpentine skin is tough. (AC +2)
You have supernaturally acute eyesight. (SInv)
Armour fits poorly on your strangely shaped body.
Your system is resistant to poisons. (rPois)
You cover ground very slowly.
You can spit poison.
You have a snake-like lower body.


Message History

The two-headed ogre is lightly wounded.
The two-headed ogre barely misses you.
You riposte.
You hit the two-headed ogre.
The two-headed ogre is lightly wounded.
You block the two-headed ogre's attack.
You slash the two-headed ogre!
The two-headed ogre is moderately wounded.
You slash the two-headed ogre!
The two-headed ogre is heavily wounded.
You block the two-headed ogre's attack.
The two-headed ogre hits you with a +0 giant spiked club!
Press: ? - help, Shift-Dir - straight line, f - two-headed ogre
Aim: a two-headed ogre, wielding a +0 giant club and a +0 giant spiked club (heavily wounded)
The splash of poison hits the two-headed ogre.
The two-headed ogre is heavily wounded.
You block the two-headed ogre's attack. x2
You slash the two-headed ogre!
The two-headed ogre is heavily wounded.
You hit the two-headed ogre but do no damage.
The two-headed ogre is heavily wounded.
You block the two-headed ogre's attack.
The two-headed ogre hits you with a +0 giant spiked club!!
You slash the two-headed ogre!
The two-headed ogre is severely wounded.
You hit the two-headed ogre but do no damage.
The two-headed ogre is severely wounded.
You block the two-headed ogre's attack. The two-headed ogre barely misses you.
You barely miss the two-headed ogre.
The two-headed ogre is severely wounded.
You hit the two-headed ogre.
The two-headed ogre is severely wounded.
You block the two-headed ogre's attack.
The two-headed ogre hits you with a +0 giant spiked club!
* * * LOW HITPOINT WARNING * * *
You hit the two-headed ogre.
The two-headed ogre is severely wounded.
You slash the two-headed ogre!
The two-headed ogre is almost dead.
The two-headed ogre hits you with a +0 giant club!!
You die...

__)#._# '###)##
......# ......#
#####'#
__#...#+###########
__#...#....#.#.#..
__#...##.#..#.##O#
__#...'##.#.#.##@#
__'...#.).#..#..##
▓▓▓▓▓▓▓▓▓▓▓▓▓▓▓▓▓


You could see a two-headed ogre.

Vanquished Creatures
  A deep elf pyromancer (D)
  A shadow (D)
  A spatial vortex (D)
  A necrophage (D)
  2 two-headed ogres (D)
  A water elemental (D)
  A scorpion (D)
  A jelly (D)
  Jessica (D)
  A wizard (D)
  A necromancer (D)
  3 humans (D)
  A kobold demonologist (D)
  3 rats (D)
19 creatures vanquished.

Notes
Turn   | Place    | Note
-------+----------+-------------------------------------------
     0 | D        | MikeHunt the Naga Fighter began the quest for the Orb.
     0 | D        | Reached XP level 1. HP: 21/21 MP: 1/1
    39 | D        | Noticed Jessica
    43 | D        | Killed Jessica
    44 | D        | Reached skill level 4 in Long Blades
    44 | D        | Reached XP level 2. HP: 25/28 MP: 2/2
    44 | D        | Reached XP level 3. HP: 31/34 MP: 3/3
    83 | D        | Noticed a scorpion
    90 | D        | Killed a scorpion
    91 | D        | Reached skill level 6 in Long Blades
    91 | D        | Reached skill level 5 in Shields
    91 | D        | Reached XP level 4. HP: 35/42 MP: 4/4
   222 | D        | Noticed a water elemental
   227 | D        | Killed a water elemental
   228 | D        | Reached skill level 7 in Long Blades
   228 | D        | Reached XP level 5. HP: 49/49 MP: 5/5
   360 | D        | Found a hide-covered altar of Uskayaw.
   360 | D        | Found an iron altar of Okawaru.
   361 | D        | Found a bloodstained altar of Trog.
   361 | D        | Found an ornate altar of the Wu Jian Council.
   361 | D        | Noticed a human
   361 | D        | Noticed a human
   367 | D        | Killed a human
   368 | D        | Reached skill level 9 in Long Blades
   368 | D        | Reached XP level 6. HP: 45/56 MP: 6/6
   375 | D        | Killed a human
   376 | D        | Reached skill level 10 in Long Blades
   378 | D        | Became a worshipper of Warmaster Okawaru
   384 | D        | Found a basalt altar of Yredelemnul.
   384 | D        | Found a shadowy altar of Dithmenos.
   384 | D        | Found a sacrificial altar of Ru.
   384 | D        | Noticed a necrophage
   389 | D        | Reached XP level 7. HP: 38/62 MP: 7/7
   402 | D        | Found a glowing silver altar of Zin.
   402 | D        | Found a glowing golden altar of the Shining One.
   402 | D        | Found a white marble altar of Elyvilon.
   402 | D        | Noticed a deep elf pyromancer
   415 | D        | Killed a deep elf pyromancer
   415 | D        | Reached * piety under Okawaru
   416 | D        | Reached skill level 12 in Long Blades
   416 | D        | Reached XP level 8. HP: 58/80 MP: 8/8
   509 | D        | Noticed a shadow
   516 | D        | Killed a shadow
   582 | D        | Found a radiant altar of Vehumet.
   583 | D        | Found a shimmering blue altar of Sif Muna.
   583 | D        | Found an ancient bone altar of Kikubaaqudgha.
   588 | D        | Noticed a rust devil
   617 | D        | Found a blossoming altar of Fedhas.
   617 | D        | Found a stormy altar of Qazlal.
   618 | D        | Found a snail-covered altar of Cheibriados.
   618 | D        | Found a burning altar of Makhleb.
   618 | D        | Found a hazy altar of Hepliaklqana.
   618 | D        | Found a shimmering altar of Xom.
   618 | D        | Found an opulent altar of Gozag.
   618 | D        | Found a sparkling altar of Nemelex Xobeh.
   618 | D        | Found a corrupted altar of Lugonu.
   618 | D        | Found a viscous altar of Jiyva.
   762 | D        | Reached ** piety under Okawaru
   769 | D        | HP: 3/82 [two-headed ogre (22)]
   771 | D        | Reached skill level 1 in Evocations
  1135 | D        | Noticed a two-headed ogre
  1153 | D        | Slain by a two-headed ogre

Illustrated notes

Levels and vault maps discovered:
D:        dungeon_sprint_mu [sprint_mu_entry_forest, sprint_mu_temple_rooms,
          sprint_mu_d1_spiders, sprint_mu_d2_genie, sprint_mu_d3_branching,
          sprint_mu_orc_legion, sprint_mu_elf_gauntlet, sprint_mu_hive_nellie,
          sprint_mu_lair_fedhas, sprint_mu_vaults_butterflies,
          sprint_mu_slime_circle, sprint_mu_shoals_archi,
          sprint_mu_snake_twists, sprint_mu_blade_basic, sprint_mu_crypt_lich,
          sprint_mu_tomb_spiral, sprint_mu_vestibule_basic,
          sprint_mu_gehenna_hellfire, sprint_mu_dis_giant,
          sprint_mu_tartarus_statrot, sprint_mu_cocytus_islands, sprint_mu_zot1]

Skill      XL: |  1  2  3  4  5  6  7  8 |
---------------+-------------------------+-----
Long Blades    | 4 6 7 9 10 12 | 12.7
Shields        | 4 5 6 8 9 |  9.0
Fighting       | 7 8 |  8.6
Invocations    | 4 |  4.4
Evocations     | 1 |  1.1
Armour         | |  2.4

Action                   |  1- 3 |  4- 6 |  7- 9 || total
-------------------------+-------+-------+-------++-------
Melee: Long sword        |    10 |    32 |    65 ||   107
Invok: Heroism           |       |       |     3 ||     3
 Abil: Spit Poison       |     3 |     4 |     5 ||    12
Evoke: Wand              |       |       |     2 ||     2
  Use: Potion            |       |     3 |     1 ||     4
Armor: Scale mail        |     2 |     3 |     1 ||     6
Dodge: Dodged            |     2 |     6 |    10 ||    18
Block: Kite shield       |     5 |    11 |    23 ||    39
       Rpst.: Long sword |       |     1 |     2 ||     3

Table legend: (Time is in decaauts)
 A = Elapsed time spent in this place.
 B = Non-inter-level travel time spent in this place.
 C = Inter-level travel time spent in this place.
 D = Time resting spent in this place.
 E = Time spent auto-exploring this place.
 F = Levels seen in this place.
 G = Mean time per level.
                   A        B        C        D        E       F      G
               +--------+--------+--------+--------+--------+-----+--------+
         Total |   1218 |   1218 |      0 |    822 |      0 |   1 | 1218.0 |
       Dungeon |   1218 |   1218 |      0 |    822 |      0 |   1 | 1218.0 |
               +--------+--------+--------+--------+--------+-----+--------+

Top non-repeatable levels by time:
       D: 1218 daAuts
